General information
			
			
        
        - name: BNet
 
        - type: Ladder team game (AT/RT)
 
        - host: Battle.net
 
        - saver: YEAHSHESASSBATS
 
        
map: Mur'gulOasis 
        - players: 8
 
        - length: 27:25
 
        - speed: Fast
 - version: 1.22 W3XP
 - replay type:  Public
 
» download(232 KB)
Players
        team 1 (loser) 
              
              
66Dragon6 (
red | 93 APM | 2557 actions | 27:21)
              
 5 Far Seer 
 2 Feral Spirit
 3 Chain Lighting
 3 Shadow Hunter 
 2 Serpent Ward
 1 Hex
 
                » actions 
                
                | Assign group hotkey | 50 |  | 
| Basic commands | 2 |  | 
| Build / train | 61 |  | 
| ESC pressed | 10 |  | 
| Enter build submenu | 11 |  | 
| Enter hero's abilities submenu | 8 |  | 
| Right click | 1291 |  | 
| Select / deselect | 419 |  | 
| Select group hotkey | 609 |  | 
| Use ability | 96 |  | 
                2557 total
 » units 
                
                | Peon | 12 |  | 
| Grunt | 9 |  | 
| Wind Rider | 13 |  | 
| Mur'gul Snarecaster | 1 |  | 
| Hippogryph | 2 |  | 
                37 total
 » upgrades
                » buildings
                
                | Altar of Storms | 1 |  | 
| Orc Burrow | 6 |  | 
| Barracks | 1 |  | 
| Stronghold | 1 |  | 
| Beastiary | 2 |  | 
| Voodoo Lounge | 1 |  | 
| Fortress | 1 |  | 
                13 total
 » build order
                00:06 Altar of Storms
00:08 Orc Burrow
00:33 Barracks
01:27 Orc Burrow
03:15 Stronghold
04:17 Orc Burrow
04:53 Orc Burrow
06:10 Orc Burrow
06:58 Beastiary
06:58 Beastiary
11:09 Voodoo Lounge
11:22 Fortress
15:53 Orc Burrow
» items
                
                | Healing Salve | 2 |  | 
| Scroll of Town Portal | 3 |  | 
| Scroll of Healing | 1 |  | 
                6 total
  
               
              
              
YEAHSHESASSBATS (
pink | 127 APM | 3483 actions | 27:25)
              
 5 Death Knight 
 3 Death Coil
 2 Unholy Aura
 5 Lich 
 3 Frost Nova
 2 Dark Ritual
 4 Dreadlord 
 2 Sleep
 2 Carrion Swarm
 
                » actions 
                
                | Assign group hotkey | 32 |  | 
| Basic commands | 240 |  | 
| Build / train | 74 |  | 
| ESC pressed | 1 |  | 
| Enter build submenu | 16 |  | 
| Enter hero's abilities submenu | 14 |  | 
| Give item / drop item | 1 |  | 
| Right click | 1603 |  | 
| Select / deselect | 550 |  | 
| Select group hotkey | 837 |  | 
| Use ability | 112 |  | 
                3483 total
 » units 
                
                | Acolyte | 13 |  | 
| Ghoul | 1 |  | 
| Crypt Fiend | 8 |  | 
| Frost Wyrm | 7 |  | 
                29 total
 » upgrades
                
                | Creature Attack | 3 |  | 
| Burrow | 1 |  | 
| Web | 1 |  | 
| Creature Carapace | 3 |  | 
                8 total
 » buildings
                
                | Crypt | 1 |  | 
| Graveyard | 1 |  | 
| Altar of Darkness | 1 |  | 
| Ziggurat | 7 |  | 
| Tomb of Relics | 1 |  | 
| Nerubian Tower | 1 |  | 
| Halls of the Dead | 3 |  | 
| Spirit Tower | 2 |  | 
| Black Citadel | 2 |  | 
| Sacrificial Pit | 1 |  | 
| Boneyard | 1 |  | 
| Necropolis | 1 |  | 
                22 total
 » build order
                00:07 Crypt
00:18 Graveyard
00:41 Altar of Darkness
00:57 Ziggurat
01:19 Tomb of Relics
01:51 Ziggurat
03:03 Nerubian Tower
04:53 Halls of the Dead
04:53 Halls of the Dead
04:54 Halls of the Dead
05:55 Ziggurat
07:49 Spirit Tower
08:20 Black Citadel
08:20 Black Citadel
09:41 Sacrificial Pit
10:23 Ziggurat
11:23 Boneyard
16:32 Ziggurat
20:05 Ziggurat
24:25 Spirit Tower
24:58 Necropolis
25:02 Ziggurat
» items
                
                | Rod of Necromancy | 3 |  | 
| Dust of Appearance | 1 |  | 
| Potion of Healing | 1 |  | 
| Scroll of Town Portal | 3 |  | 
| Potion of Mana | 3 |  | 
| Orb of Corruption | 1 |  | 
                12 total
  
               
              
              
» 
Russ.the.Newb (
blue | 61 APM | 779 actions | 12:49)
              
 2 Demon Hunter 
 1 Mana Burn
 1 Evasion
 2 Priestess of the Moon 
 1 Trueshot Aura
 1 Scout
 
                » actions 
                
                | Assign group hotkey | 84 |  | 
| Basic commands | 66 |  | 
| Build / train | 40 |  | 
| ESC pressed | 8 |  | 
| Enter build submenu | 12 |  | 
| Enter hero's abilities submenu | 4 |  | 
| Remove unit from queue | 1 |  | 
| Right click | 304 |  | 
| Select / deselect | 149 |  | 
| Select group hotkey | 79 |  | 
| Use ability | 32 |  | 
                779 total
 » units 
                
                | Wisp | 14 |  | 
| Archer | 5 |  | 
| Hippogryph | 1 |  | 
| Huntress | 3 |  | 
| Druid of the Talon | 5 |  | 
                28 total
 » upgrades
                
                | Strength of the Moon | 1 |  | 
| Hippogryph Taming | 1 |  | 
| Druid of the Talon Training | 1 |  | 
                3 total
 » buildings
                
                | Moon Well | 4 |  | 
| Altar of Elders | 1 |  | 
| Ancient of War | 2 |  | 
| Tree of Ages | 1 |  | 
| Hunter's Hall | 1 |  | 
| Ancient of Wind | 2 |  | 
| Ancient of Wonders | 1 |  | 
| Tree of Eternity | 1 |  | 
                13 total
 » build order
                00:15 Moon Well
00:20 Altar of Elders
00:54 Ancient of War
01:27 Moon Well
02:11 Moon Well
02:19 Ancient of War
03:41 Tree of Ages
03:50 Moon Well
04:04 Hunter's Hall
06:12 Ancient of Wind
06:19 Ancient of Wind
06:44 Ancient of Wonders
12:14 Tree of Eternity
 
               
              
              
» 
TRHCP (
teal | 45 APM | 1239 actions | 27:25)
              
 3 Lich 
 2 Frost Nova
 1 Dark Ritual
 1 Demon Hunter 
 1 Mana Burn
 2 Priestess of the Moon 
 1 Trueshot Aura
 1 Scout
 
                » actions 
                
                | Assign group hotkey | 16 |  | 
| Basic commands | 26 |  | 
| Build / train | 38 |  | 
| ESC pressed | 3 |  | 
| Enter build submenu | 12 |  | 
| Enter hero's abilities submenu | 6 |  | 
| Give item / drop item | 3 |  | 
| Remove unit from queue | 1 |  | 
| Right click | 680 |  | 
| Select / deselect | 232 |  | 
| Select group hotkey | 175 |  | 
| Use ability | 47 |  | 
                1239 total
 » units 
                
                | Acolyte | 2 |  | 
| Ghoul | 3 |  | 
| Crypt Fiend | 7 |  | 
| Druid of the Talon | 7 |  | 
| Huntress | 3 |  | 
                22 total
 » upgrades
                
                | Creature Attack | 1 |  | 
| Druid of the Talon Training | 1 |  | 
| Strength of the Wild | 2 |  | 
                4 total
 » buildings
                
                | Crypt | 1 |  | 
| Ziggurat | 4 |  | 
| Altar of Darkness | 1 |  | 
| Graveyard | 1 |  | 
| Nerubian Tower | 2 |  | 
| Tomb of Relics | 1 |  | 
| Halls of the Dead | 0 |  | 
| Moon Well | 2 |  | 
| Tree of Life | 2 |  | 
                14 total
 » build order
                00:07 Crypt
00:15 Ziggurat
00:35 Altar of Darkness
00:58 Graveyard
01:20 Nerubian Tower
01:20 Nerubian Tower
01:36 Ziggurat
02:59 Ziggurat
03:40 Tomb of Relics
05:37 Halls of the Dead
06:30 Ziggurat
13:29 Moon Well
20:04 Tree of Life
20:08 Moon Well
23:33 Tree of Life
» items
                
                | Rod of Necromancy | 1 |  | 
| Sacrificial Skull | 1 |  | 
                2 total
  
               team 2 (winner) 
              
              
SIRFISHINGKIll (
yellow | 74 APM | 2035 actions | 27:25)
              
 6 Keeper of the Grove 
 3 Entangling Roots
 2 Thorns Aura
 1 Tranquility
 
                » actions 
                
                | Assign group hotkey | 172 |  | 
| Basic commands | 57 |  | 
| Build / train | 78 |  | 
| Enter build submenu | 20 |  | 
| Enter hero's abilities submenu | 6 |  | 
| Remove unit from queue | 1 |  | 
| Right click | 947 |  | 
| Select / deselect | 286 |  | 
| Select group hotkey | 399 |  | 
| Use ability | 69 |  | 
                2035 total
 » units 
                
                | Wisp | 25 |  | 
| Huntress | 12 |  | 
| Chimaera | 7 |  | 
| Hippogryph | 7 |  | 
                51 total
 » upgrades
                
                | Ultravision | 1 |  | 
| Strength of the Wild | 2 |  | 
| Reinforced Hides | 3 |  | 
| Corrosive Breath | 1 |  | 
| Well Spring | 1 |  | 
                8 total
 » buildings
                
                | Altar of Elders | 1 |  | 
| Moon Well | 6 |  | 
| Hunter's Hall | 1 |  | 
| Ancient of War | 2 |  | 
| Tree of Ages | 1 |  | 
| Ancient Protector | 3 |  | 
| Tree of Eternity | 2 |  | 
| Ancient of Wind | 2 |  | 
| Chimaera Roost | 2 |  | 
| Ancient of Wonders | 1 |  | 
| Tree of Life | 1 |  | 
                22 total
 » build order
                00:20 Altar of Elders
00:23 Moon Well
01:35 Hunter's Hall
01:53 Ancient of War
02:14 Ancient of War
02:25 Moon Well
02:46 Moon Well
05:50 Tree of Ages
06:46 Moon Well
08:36 Ancient Protector
08:37 Ancient Protector
08:39 Ancient Protector
10:12 Tree of Eternity
10:12 Tree of Eternity
11:40 Ancient of Wind
13:11 Chimaera Roost
14:00 Chimaera Roost
16:00 Ancient of Wonders
16:19 Tree of Life
18:06 Moon Well
18:08 Moon Well
23:24 Ancient of Wind
» items
                
                | Scroll of Town Portal | 5 |  | 
| Healing Salve | 1 |  | 
| Lesser Clarity Potion | 1 |  | 
                7 total
  
               
              
              
» 
lecheR (
green | 76 APM | 2083 actions | 27:25)
              
 6 Death Knight 
 3 Death Coil
 2 Unholy Aura
 1 Animate Dead
 4 Lich 
 2 Frost Nova
 2 Frost Armor
 5 Crypt Lord 
 3 Impale
 2 Spiked Carapace
 
                » actions 
                
                | Assign group hotkey | 32 |  | 
| Basic commands | 22 |  | 
| Build / train | 62 |  | 
| Enter build submenu | 18 |  | 
| Enter hero's abilities submenu | 15 |  | 
| Give item / drop item | 3 |  | 
| Right click | 1090 |  | 
| Select / deselect | 220 |  | 
| Select group hotkey | 510 |  | 
| Use ability | 111 |  | 
                2083 total
 » units 
                
                | Acolyte | 2 |  | 
| Ghoul | 2 |  | 
| Crypt Fiend | 12 |  | 
| Obsidian Statue | 6 |  | 
| Frost Wyrm | 6 |  | 
                28 total
 » upgrades
                
                | Creature Attack | 2 |  | 
| Creature Carapace | 1 |  | 
| Web | 1 |  | 
| Burrow | 1 |  | 
| Destroyer Form | 1 |  | 
                6 total
 » buildings
                
                | Graveyard | 1 |  | 
| Crypt | 1 |  | 
| Ziggurat | 7 |  | 
| Altar of Darkness | 1 |  | 
| Tomb of Relics | 1 |  | 
| Nerubian Tower | 1 |  | 
| Halls of the Dead | 1 |  | 
| Black Citadel | 1 |  | 
| Slaughterhouse | 1 |  | 
| Sacrificial Pit | 1 |  | 
| Boneyard | 2 |  | 
                18 total
 » build order
                00:14 Graveyard
00:19 Crypt
00:35 Ziggurat
00:51 Altar of Darkness
01:00 Tomb of Relics
01:56 Ziggurat
02:20 Nerubian Tower
04:14 Halls of the Dead
04:23 Ziggurat
06:38 Black Citadel
07:15 Slaughterhouse
07:17 Ziggurat
07:18 Sacrificial Pit
09:04 Boneyard
09:37 Ziggurat
09:38 Ziggurat
10:18 Boneyard
10:20 Ziggurat
» items
                
                | Rod of Necromancy | 2 |  | 
| Dust of Appearance | 1 |  | 
| Scroll of Town Portal | 4 |  | 
                7 total
  
               
              
              
DarkLord(TB) (
orange | 98 APM | 2685 actions | 27:25)
              
 4 Priestess of the Moon 
 2 Trueshot Aura
 2 Scout
 
                » actions 
                
                | Assign group hotkey | 222 |  | 
| Basic commands | 286 |  | 
| Build / train | 25 |  | 
| ESC pressed | 1 |  | 
| Enter build submenu | 9 |  | 
| Enter hero's abilities submenu | 4 |  | 
| Right click | 809 |  | 
| Select / deselect | 172 |  | 
| Select group hotkey | 1114 |  | 
| Use ability | 43 |  | 
                2685 total
 » units 
                » buildings
                
                | Altar of Elders | 1 |  | 
| Moon Well | 4 |  | 
| Hunter's Hall | 1 |  | 
| Ancient of War | 3 |  | 
| Tree of Ages | 2 |  | 
                11 total
 » build order
                00:01 Altar of Elders
00:17 Moon Well
01:45 Hunter's Hall
01:48 Ancient of War
01:51 Ancient of War
02:10 Ancient of War
02:26 Moon Well
03:54 Moon Well
06:08 Tree of Ages
06:08 Tree of Ages
06:17 Moon Well
» items
                 
               
              
              
» 
Un-D-efeatable (
purple | 71 APM | 1943 actions | 27:25)
              
 5 Blademaster 
 3 Wind Walk
 2 Critical Strike
 
                » actions 
                
                | Assign group hotkey | 42 |  | 
| Basic commands | 135 |  | 
| Build / train | 69 |  | 
| Enter build submenu | 23 |  | 
| Enter hero's abilities submenu | 5 |  | 
| Remove unit from queue | 7 |  | 
| Right click | 594 |  | 
| Select / deselect | 242 |  | 
| Select group hotkey | 733 |  | 
| Use ability | 93 |  | 
                1943 total
 » units 
                
                | Peon | 8 |  | 
| Grunt | 10 |  | 
| Tauren | 12 |  | 
| Shaman | 9 |  | 
                39 total
 » upgrades
                
                | Melee Weapons | 3 |  | 
| Armor | 2 |  | 
| Shaman Training | 2 |  | 
| Reinforced Defenses | 1 |  | 
| Pulverize | 1 |  | 
                9 total
 » buildings
                
                | Altar of Storms | 1 |  | 
| Orc Burrow | 9 |  | 
| Barracks | 1 |  | 
| Voodoo Lounge | 2 |  | 
| Stronghold | 1 |  | 
| War Mill | 1 |  | 
| Fortress | 1 |  | 
| Spirit Lodge | 1 |  | 
| Tauren Totem | 2 |  | 
                19 total
 » build order
                00:21 Altar of Storms
00:36 Orc Burrow
01:00 Barracks
01:31 Voodoo Lounge
01:53 Orc Burrow
02:24 Voodoo Lounge
02:54 Orc Burrow
04:08 Stronghold
04:50 War Mill
05:06 Orc Burrow
07:14 Fortress
08:31 Spirit Lodge
09:38 Tauren Totem
09:40 Tauren Totem
09:44 Orc Burrow
12:33 Orc Burrow
12:37 Orc Burrow
13:05 Orc Burrow
20:19 Orc Burrow
» items
                
                | Healing Salve | 2 |  | 
| Scroll of Speed | 1 |  | 
| Orb of Lightning | 1 |  | 
| Scroll of Town Portal | 2 |  | 
                6 total
  
                Chat log
          (00:27 / Allies) 66Dragon6: oh baby
(00:39 / Allies) Russ.the.Newb: so hate elf
(00:46 / Allies) 66Dragon6: mass hunts plox
(01:20 / Allies) Russ.the.Newb: oj wisp headed ur way
(01:45 / Allies) 66Dragon6: fs sh grunts whybarns
(02:03 / Allies) 66Dragon6: that graveyard is so sexy
(02:04 / Allies) TRHCP: ?....
(02:07 / Allies) TRHCP: yea
(02:14 / Allies) YEAHSHESASSBATS: its the same amount of wood
(02:16 / Allies) YEAHSHESASSBATS: either way
(02:25 / Allies) YEAHSHESASSBATS: stop sucking his dick
(02:30 / Allies) 66Dragon6: cant
(02:35 / Allies) 66Dragon6: im too gay for him
(02:35 / All) TRHCP: WISP DOWN!
(02:41 / Allies) YEAHSHESASSBATS: it only matters on fsa
(03:02 / Allies) Russ.the.Newb: red ... heads up
(03:04 / All) YEAHSHESASSBATS: purple bm
(03:07 / Allies) Russ.the.Newb: ur being attacked
(03:55 / All) 66Dragon6: things like that make me wonder why i dont play dota more ofent
(04:01 / All) DarkLord(TB): lol
(04:03 / All) DarkLord(TB): sure dude
(04:29 / Allies) TRHCP: wow
(04:32 / Allies) TRHCP: kick his ass
(04:36 / Allies) TRHCP: no mana to ww
(04:40 / Allies) TRHCP: pink
(04:46 / Allies) TRHCP: sigh
(04:54 / Allies) YEAHSHESASSBATS: wow
(04:55 / Allies) YEAHSHESASSBATS: does he mh?
(05:14 / All) YEAHSHESASSBATS: turn it of yellow
(05:16 / All) YEAHSHESASSBATS: u fucking cunt
(06:06 / All) YEAHSHESASSBATS: fish ur getting raped
(06:15 / All) YEAHSHESASSBATS: turn on me
(06:17 / All) YEAHSHESASSBATS: im fiends
(06:23 / Allies) TRHCP: lets hit
(06:25 / All) SIRFISHINGKIll: that would be dumb
(06:27 / All) YEAHSHESASSBATS: no
(06:28 / Allies) 66Dragon6: all 4
(06:30 / All) YEAHSHESASSBATS: u mhing nigger
(06:42 / Allies) YEAHSHESASSBATS: save yourself
(06:43 / Allies) 66Dragon6: use ghouls
(07:25 / Allies) 66Dragon6: main
(07:30 / Allies) 66Dragon6: hall his shit
(07:36 / Allies) 66Dragon6: tower up talons
(07:36 / Allies) YEAHSHESASSBATS: let 1 tp
(08:04 / Allies) 66Dragon6: get green
(08:16 / Allies) Russ.the.Newb: is teal completeyly out?
(08:22 / Allies) 66Dragon6: ya
(08:37 / Allies) TRHCP: well until red gets fortress
(08:43 / Allies) TRHCP: but hey so is oj
(09:05 / Allies) 66Dragon6: b
(09:16 / Allies) 66Dragon6: help blue
(09:45 / Allies) TRHCP: lol
(09:50 / Allies) TRHCP: that isnt even close to worth it
(10:06 / Allies) YEAHSHESASSBATS: ur hall was too open
(10:22 / Allies) TRHCP: not really they just had 2 armies in my bas
(10:50 / Allies) YEAHSHESASSBATS: wood anyone
(11:01 / Allies) 66Dragon6: all meet there
(11:03 / Allies) TRHCP: red can u get a shop + fortress soon
(11:06 / Allies) YEAHSHESASSBATS: blue
(11:07 / Allies) YEAHSHESASSBATS: is getting
(11:09 / Allies) Russ.the.Newb: hit while they chase
(11:13 / Allies) 66Dragon6: kk
(11:18 / Allies) YEAHSHESASSBATS: tauren
(12:29 / Allies) YEAHSHESASSBATS: out
(12:38 / All) Russ.the.Newb: sigh ... gg
(13:05 / Allies) 66Dragon6: teal handle blue
(13:31 / Allies) 66Dragon6: go
(14:14 / Allies) YEAHSHESASSBATS: well
(14:15 / Allies) YEAHSHESASSBATS: gg
(14:16 / Allies) YEAHSHESASSBATS: ll
(16:04 / Allies) YEAHSHESASSBATS: ...
(16:22 / Allies) YEAHSHESASSBATS: fish is still feeding
(17:40 / Allies) YEAHSHESASSBATS: b
(17:40 / Allies) YEAHSHESASSBATS: b
(17:41 / Allies) YEAHSHESASSBATS: b
(17:46 / Allies) 66Dragon6: b
(17:47 / Allies) 66Dragon6: b
(17:52 / Allies) YEAHSHESASSBATS: no tp
(18:16 / Allies) TRHCP: who else is controlling blue
(18:24 / Allies) 66Dragon6: stop getting talons
(18:25 / Allies) 66Dragon6: get hippos
(18:59 / Allies) TRHCP: well the talons were to cyclone half their army then go and kill air but w/e
(19:15 / Allies) YEAHSHESASSBATS: caution
(19:16 / Allies) YEAHSHESASSBATS: they have lust
(19:56 / Allies) TRHCP: have to kill htem now
(20:57 / Allies) YEAHSHESASSBATS: and fish
(20:58 / Allies) YEAHSHESASSBATS: dam hacking bitchz
(21:18 / Allies) YEAHSHESASSBATS: no..
(22:16 / Allies) TRHCP: kill him
(22:20 / Allies) 66Dragon6: goo
(22:21 / Allies) TRHCP: they are split
(23:14 / Allies) YEAHSHESASSBATS: tp
(23:17 / Allies) 66Dragon6: walk
(23:22 / Allies) YEAHSHESASSBATS: no..
(23:59 / All) Un-D-efeatable: close
(24:05 / Allies) TRHCP: kill oj
(24:06 / Allies) YEAHSHESASSBATS: ..
(24:17 / Allies) YEAHSHESASSBATS: gonna expo
(24:19 / Allies) TRHCP: now kill purp
(25:00 / Allies) TRHCP: yea he has to hack
(25:43 / Allies) YEAHSHESASSBATS: lol
(25:46 / Allies) YEAHSHESASSBATS: fish pinging me
(25:50 / Allies) YEAHSHESASSBATS: like a faggot
(26:05 / Allies) YEAHSHESASSBATS: we lost
(26:08 / Allies) YEAHSHESASSBATS: lol
(26:11 / Allies) TRHCP: kill urp
(26:18 / Allies) 66Dragon6: wait
(26:20 / Allies) 66Dragon6: talons wait
(26:21 / Allies) 66Dragon6: get back
(27:19 / All) 66Dragon6: took you a while to win a 3v4
(27:20 / All) YEAHSHESASSBATS: fucking hacking faggots
(27:21 / All) SIRFISHINGKIll: Gg
(27:21 / All) DarkLord(TB): gg